 Dungeon Crawl Stone Soup version 0.29-a0-732-g3d7fbe0af2 (webtiles) character file.

Game seed: 810366841465542013

20778 elite277 the Lord of Darkness (level 13, -2/94 HPs)
             Began as a Human Necromancer on June 29, 2022.
             Was the Champion of Kikubaaqudgha.
             Slain by a +2 vorpal long sword (4 damage)
             ... on level 1 of the Elven Halls.
             The game lasted 01:41:45 (15919 turns).

elite277 the Lord of Darkness (Human Necromancer)  Turns: 15919, Time: 01:41:47

Health: -2/94      AC: 11    Str: 18      XL:     13   Next: 14%
Magic:  27/27      EV: 15    Int: 24      God:    Kikubaaqudgha [******]
Gold:   179        SH:  0    Dex: 16 (18) Spells: 5/33 levels left

rFire   . . .      SeeInvis .   n - +7 mace of the Radish {vorpal, rElec Will- Str+4 Dex+2}
rCold   . . .      Faith    .   (no shield)
rNeg    + + .      Spirit   .   q - +2 robe "Bemegue" {rN+ Str+6}
rPois   +          Reflect  .   (no helmet)
rElec   +          Harm     .   t - +2 ratskin cloak {*Rats rPois rN+ Str-1 Int-1 Dex+1}
rCorr   .          Rampage  +   r - +2 pair of gloves
Will    .....                   b - +0 pair of boots {rampage}
Stlth   +.........              E - amulet of magic regeneration
HPRegen 0.25/turn               a - ring of willpower
MPRegen 0.60/turn               x - +6 ring of intelligence

@: confused, mighty, ambrosia-drunk, very slightly contaminated
A: deterioration 1
a: Renounce Religion, Unearth Wretches, Torment, Brand Weapon With Pain, Receive
Forbidden Knowledge


You were on level 1 of the Elven Halls.
You worshipped Kikubaaqudgha.
Kikubaaqudgha was exalted by your worship.
You visited 3 branches of the dungeon, and saw 13 of its levels.
You also visited: Ossuary.

You collected 860 gold pieces.
You spent 681 gold pieces at shops.

Inventory:

Hand Weapons
 i - a +2 dagger of venom
 j - the +10 sling "Nujumo" {freeze, *Corrode rPois Int+5}
   (You took it off a centaur on level 5 of the Dungeon)

   Any ammunition fired from it freezes those it strikes, dealing additional
   cold damage.
   It can also slow down cold-blooded creatures.
   Int:       It affects your intelligence (+5).
   rPois:     It protects you from poison.
   *Corrode:  It may corrode you when you take damage.
 n - the +7 mace of the Radish (weapon) {vorpal, rElec Will- Str+4 Dex+2}
   (You found it on level 2 of the Dungeon)

   It inflicts extra damage upon your enemies.
   Str:       It affects your strength (+4).
   Dex:       It affects your dexterity (+2).
   rElec:     It insulates you from electricity.
   Will:      It decreases your willpower.
Missiles
 l - 11 poisoned darts
 w - 4 curare-tipped darts
 A - 54 stones
 H - 24 boomerangs
Armour
 b - a +0 pair of boots of rampaging (worn)
 d - a +0 pair of boots
 k - the +1 chain mail of Miyz {Harm Str+2 Int-5 Dex+3}
   (You found it on level 2 of the Dungeon)

   Str:       It affects your strength (+2).
   Int:       It affects your intelligence (-5).
   Dex:       It affects your dexterity (+3).
   Harm:      It increases damage dealt and taken.
 q - the +2 robe "Bemegue" (worn) {rN+ Str+6}
   (You found it on level 2 of the Dungeon)

   Str:       It affects your strength (+6).
   rN:        It protects you from negative energy.
 r - a +2 pair of gloves (worn)
 t - the +2 ratskin cloak (worn) {*Rats rPois rN+ Str-1 Int-1 Dex+1}
   (You found it on level 4 of the Dungeon)

   When the wearer is hurt, rats may emerge from it to assist them.
   Str:       It affects your strength (-1).
   Int:       It affects your intelligence (-1).
   Dex:       It affects your dexterity (+1).
   rPois:     It protects you from poison.
   rN:        It protects you from negative energy.
Magical Staves
 N - a staff of cold
Jewellery
 a - a ring of willpower (left hand)
 x - a +6 ring of intelligence (right hand)
 E - an amulet of magic regeneration (around neck)
 O - a +4 ring of evasion
Wands
 g - a wand of polymorph (8)
 y - a wand of flame (23)
 z - a wand of charming (4)
Scrolls
 c - a scroll of enchant weapon
 f - a scroll of identify
 o - 3 scrolls of magic mapping
 u - 3 scrolls of vulnerability
 B - 2 scrolls of noise
 C - 3 scrolls of teleportation
 D - a scroll of poison
 F - a scroll of torment
 G - a scroll of amnesia
 M - a scroll of immolation
Potions
 e - 2 potions of attraction
 h - 3 potions of lignification
 m - a potion of degeneration
 s - 3 potions of flight
 K - 2 potions of mutation


   Skills:
 + Level 6.4 Fighting
 + Level 8.0 Maces & Flails
 + Level 2.8 Ranged Weapons
 + Level 2.4 Throwing
 + Level 6.1 Dodging
 + Level 5.3 Stealth
 + Level 10.7 Spellcasting
 + Level 2.8 Hexes
 + Level 0.2 Summonings
 + Level 11.3 Necromancy
 + Level 3.3 Earth Magic
 + Level 1.2 Evocations


You had 5 spell levels left.
You knew the following spells:

 Your Spells              Type           Power      Damage    Failure   Level
a - Necrotize             Necr           100%       1d9       1%          1
b - Vampiric Draining     Necr           61%        2d10      1%          3
c - Anguish               Hex/Necr       23%        N/A       2%          4
d - Agony                 Necr           61%        N/A       1%          5
e - Dispel Undead         Necr           61%        3d21      1%          4
f - Animate Dead          Necr           61%        N/A       1%          4
g - Borgnjor's Vile Clut  Necr/Erth      24%        N/A       7%          5
h - Call Imp              Summ           14%        N/A       7%          2

Your spell library contained the following spells:

 Spells                   Type           Power      Damage    Failure   Level
 Sublimation of Blood     Necr           61%        N/A       1%          2
 Magic Dart               Conj           48%        1d5       4%          1
 Poisonous Vapours        Pois/Air       24%        N/A       8%          2
 Corpse Rot               Necr/Pois/Air  31%        N/A       11%         4
 Mephitic Cloud           Conj/Pois/Air  12%        N/A       14%         3
 Fireball                 Conj/Fire      6%         3d5       80%         5
 Iskenderun's Battlesphe  Conj           12%        2d7       80%         5
 Death Channel            Necr           30%        N/A       8%          6
 Simulacrum               Ice/Necr       20%        N/A       58%         6
 Borgnjor's Revivificati  Necr           30%        N/A       97%         8
 Conjure Ball Lightning   Conj/Air       6%         3x3d6     100%        6
 Starburst                Conj/Fire      6%         6d4       100%        6
 Enfeeble                 Hex            13%        N/A       100%        7
 Orb of Destruction       Conj           6%         9d6       100%        7
 Discord                  Hex            13%        N/A       100%        8
 Disjunction              Tloc           6%         N/A       100%        8
 Ignition                 Fire           6%         3d4       100%        8
 Necromutation            Tmut/Necr      20%        N/A       100%        8
 Death's Door             Necr           30%        N/A       100%        9


Dungeon Overview and Level Annotations

Branches:
Dungeon (10/15)            Temple (0/1) D:7             Orc (2/2) D:10
    Elf (1/3) Orc:2       Ossuary (visited)
   Lair: D:8-11

Altars:
Gozag
Hepliaklqana
Kikubaaqudgha
Okawaru
Vehumet
Yredelemnul
Beogh

Shops:
D:7 [[=   Orc:2 [(*?

Annotations:
D:10 Erica


Innate Abilities, Weirdness & Mutations

Your body sometimes deteriorates upon taking damage.


Message History

Your body deteriorates!
You feel clumsy.
A river rat scurries out from under your cloak.
* * * LOW HITPOINT WARNING * * *
A hell rat scurries out from under your cloak.
The deep elf pyromancer is engulfed in poison gas.
The deep elf pyromancer looks as sick as possible!
You kill the deep elf pyromancer!
Kikubaaqudgha accepts your kill.
The fire elemental disappears in a puff of smoke! x2
The deep elf pyromancer is engulfed in poison gas.
The deep elf pyromancer looks as sick as possible!
The deep elf pyromancer is engulfed in poison gas.
The deep elf pyromancer looks as sick as possible!
The deep elf pyromancer mumbles some strange words.
The deep elf pyromancer blinks!
The deep elf knight is engulfed in poison gas.
The deep elf knight looks even sicker.
You feel your dexterity returning.
You are too confused!
You are too confused!
Okay, then.
You are too confused!
You are too confused!
Okay, then.
You are too confused!
Really quaff the potion of mutation?
You feel extremely strange.
You feel less resistant to poisons.
You feel healthier.
You feel weaker.
You feel yourself wasting away. The +2 vorpal long sword hits you.
* * * LOW HITPOINT WARNING * * *
x2 The deep elf knight is engulfed in poison gas.
The deep elf knight looks even sicker.
A deep elf archer comes into view. It is wielding a +0 short sword.
The deep elf pyromancer is engulfed in poison gas.
The deep elf pyromancer looks as sick as possible!
The deep elf pyromancer casts a spell.
The deep elf pyromancer blinks!
The +2 vorpal long sword hits you.
You die...
Kikubaaqudgha rasps: "You have failed me!
Welcome... death!"

#...e.........#
.....####....# #
.....##.....# #.
......#§..)#
#..#..#..#☼☼).#
......##☼#§☼####
...#..##.§§§☼○§§##
.....e...e○.☼§r§§#
.....##.).§.§☼e(@#
...# ##.○§e§☼§r##
.. ##########


You could see a deep elf archer (repels missiles), a deep elf knight (fast, very
poisoned), a deep elf pyromancer (extremely poisoned), a +2 vorpal long sword
(ally target), a friendly hell rat and a friendly river rat.

Vanquished Creatures
  An orc warlord (Orc:2)
  2 two-headed ogres
  A dancing weapon (Elf:1)
  3 orc high priests (Orc:2)
  A deep elf pyromancer (Elf:1)
  A deep elf zephyrmancer (Elf:1)
  An orc sorcerer (Orc:2)
  A centaur zombie (D:10)
  A troll (Orc:2)
  A dream sheep (shapeshifter) (Elf:1)
  Eustachio (D:4)
  A wyvern (D:9)
  4 vampire mosquitoes (D:7)
  5 wargs (Orc:2)
  A water moccasin (D:8)
  20 orc warriors
  A sky beast (D:8)
  An ice beast (D:5)
  6 ogres
  4 centaurs
  2 kobold brigands
  11 scorpions
  A necrophage (D:5)
  2 bullfrogs
  6 wights
  3 killer bees (D:9)
  3 electric eels (D:6)
  A hound (D:6)
  2 human zombies (Ossuary)
  15 orc priests
  4 jellies
  3 iguanas
  15 orc wizards
  4 scorpion zombies (Ossuary)
  4 mummies
  7 adders
  2 shadow imps
  A white imp (D:7)
  An ufetubus (D:5)
  3 worms
  A dart slug (D:3)
  97 orcs
  4 ball pythons
  A bat zombie (D:3)
  An endoplasm (D:2)
  A giant cockroach (D:3)
  3 goblins
  4 hobgoblins
  A quokka (D:3)
  3 bats (D:1)
  4 frilled lizards
  A gnoll zombie (Ossuary)
  5 goblin zombies
  4 hobgoblin zombies (Ossuary)
  12 kobolds
  4 kobold zombies (Ossuary)
  4 orc zombies
  5 rats
  A rat zombie (D:3)
  A spectral orc (D:3)
304 creatures vanquished.

Vanquished Creatures (collateral kills)
  A two-headed ogre (D:9)
  2 orc high priests (Orc:2)
  A dancing weapon (Elf:1)
  2 orc knights (Orc:2)
  4 orc warriors (Orc:2)
  An ogre (Orc:2)
  A scorpion (Ossuary)
  2 wights (D:8)
  6 orc priests
  A jelly (D:5)
  6 orc wizards
  2 gnolls (D:7)
  13 orcs
  A rat (D:1)
43 creatures vanquished.

Vanquished Creatures (others)
  A deep elf knight (Elf:1)
  An orc knight (Orc:2)
  3 trolls (Orc:2)
  12 orc warriors
  A necrophage (D:6)
  2 troll zombies (Orc:2)
  2 warg zombies (Orc:2)
  5 orc priests
  A gnoll shaman (D:7)
  2 orc wizards
  An ogre zombie (Orc:2)
  A gnoll (D:7)
  43 orc zombies
  12 orcs
  3 kobolds (D:7)
  14 plants
104 creatures vanquished.

Grand Total: 451 creatures vanquished

Notes
Turn   | Place    | Note
-------+----------+-------------------------------------------
     0 | D:1      | elite277 the Human Necromancer began the quest for the Orb.
     0 | D:1      | Reached XP level 1. HP: 13/13 MP: 3/3
   331 | D:1      | Reached XP level 2. HP: 19/19 MP: 0/5
   927 | D:2      | Identified the +1 chain mail of Miyz {Harm Str+2 Int-5
                  | Dex+3}
  1111 | D:2      | Reached XP level 3. HP: 24/25 MP: 2/6
  1158 | D:2      | Identified the +7 mace of the Radish {vorpal, rElec Will-
                  | Str+4 Dex+2}
  1304 | D:2      | Identified the +2 robe "Bemegue" {rN+ Str+6}
  1357 | D:2      | Reached XP level 4. HP: 25/31 MP: 8/8
  1699 | D:2      | Learned a level 3 spell: Vampiric Draining
  1853 | D:3      | Found an iron altar of Okawaru.
  2064 | D:3      | Found an ancient bone altar of Kikubaaqudgha.
  2076 | D:3      | Became a worshipper of Kikubaaqudgha
  2406 | D:3      | Found a basalt altar of Yredelemnul.
  2491 | D:3      | Reached skill level 1 in Maces & Flails
  2742 | D:4      | Found a hazy altar of Hepliaklqana.
  2743 | D:4      | Noticed Eustachio
  2750 | D:4      | Noticed a scorpion
  2765 | D:4      | Killed Eustachio
  2766 | D:4      | Reached skill level 1 in Fighting
  2766 | D:4      | Reached XP level 5. HP: 24/37 MP: 0/9
  2766 | D:4      | Reached XP level 6. HP: 28/43 MP: 0/10
  3092 | D:4      | Reached skill level 5 in Necromancy
  3265 | D:4      | Noticed an ogre
  3272 | D:4      | Killed an ogre
  3273 | D:4      | Reached XP level 7. HP: 28/48 MP: 2/12
  3440 | D:4      | Found the +2 ratskin cloak {*Rats rPois rN+ Str-1 Int-1
                  | Dex+1}
  3761 | D:5      | Entered Level 5 of the Dungeon
  3818 | D:5      | Found an opulent altar of Gozag.
  4136 | D:5      | Identified the +10 sling "Nujumo" {freeze, *Corrode rPois
                  | Int+5}
  4141 | D:5      | Reached XP level 8. HP: 47/55 MP: 14/14
  4147 | D:5      | Reached skill level 6 in Necromancy
  4173 | D:5      | Reached * piety under Kikubaaqudgha
  4173 | D:5      | Received a gift from Kikubaaqudgha
  4208 | D:5      | Learned a level 4 spell: Anguish
  4472 | D:6      | Reached skill level 5 in Spellcasting
  4979 | D:6      | Reached XP level 9. HP: 60/61 MP: 18/18
  5241 | D:6      | Found a radiant altar of Vehumet.
  5257 | D:6      | Reached skill level 7 in Necromancy
  5621 | D:6      | Learned a level 5 spell: Agony
  5636 | D:6      | Reached ** piety under Kikubaaqudgha
  5877 | D:7      | Found a sand-covered staircase.
  5884 | Ossuary  | Entered an ossuary
  6141 | Ossuary  | Reached skill level 5 in Maces & Flails
  6271 | D:7      | Reached XP level 10. HP: 16/70 MP: 20/20
  6513 | D:7      | Found Jyhisk's Armour Boutique.
  6571 | D:7      | Found Cergheonu's Antique Armour Boutique.
  6588 | D:7      | Reached skill level 1 in Evocations
  6726 | D:7      | Reached *** piety under Kikubaaqudgha
  6726 | D:7      | Received a gift from Kikubaaqudgha
  6738 | D:7      | Learned a level 4 spell: Dispel Undead
  6743 | D:7      | Learned a level 4 spell: Animate Dead
  6979 | D:7      | Found Zassats's Jewellery Shop.
  7258 | D:7      | Found a staircase to the Ecumenical Temple.
  7516 | D:8      | Noticed a two-headed ogre
  7526 | D:8      | Killed a two-headed ogre
  7527 | D:8      | Reached skill level 1 in Hexes
  7658 | D:8      | Reached skill level 8 in Necromancy
  8658 | D:8      | Reached **** piety under Kikubaaqudgha
  9200 | D:9      | Noticed a two-headed ogre
  9239 | D:9      | Reached skill level 5 in Stealth
  9274 | D:9      | Reached XP level 11. HP: 43/78 MP: 8/22
  9563 | D:9      | Killed a two-headed ogre
  9564 | D:9      | Reached skill level 5 in Fighting
  9564 | D:9      | Reached skill level 5 in Dodging
  9783 | D:9      | Gained mutation: Your system is resistant to poisons.
                  | (rPois) [potion of mutation]
  9783 | D:9      | Gained mutation: Your muscles are strong. (Str +4, Int/Dex
                  | -1) [potion of mutation]
  9783 | D:9      | Gained mutation: Your body sometimes deteriorates upon
                  | taking damage. [potion of mutation]
  9785 | D:10     | Entered Level 10 of the Dungeon
  9785 | D:10     | Noticed Erica
 10238 | D:9      | Learned a level 5 spell: Borgnjor's Vile Clutch
 10288 | D:10     | Reached skill level 1 in Throwing
 10633 | D:10     | Found a staircase to the Orcish Mines.
 10706 | Orc:1    | Entered Level 1 of the Orcish Mines
 10718 | Orc:1    | Reached skill level 1 in Earth Magic
 10723 | Orc:1    | Reached ***** piety under Kikubaaqudgha
 10726 | Orc:1    | Reached skill level 9 in Necromancy
 10967 | Orc:1    | You fall into a shaft and drop 1 floor!
 10967 | Orc:2    | Entered Level 2 of the Orcish Mines
 11304 | Orc:2    | Noticed an orc knight
 11327 | Orc:2    | Killed an orc knight
 11485 | Orc:2    | Found Qidal's Antique Armour Emporium.
 11489 | Orc:2    | Bought a pair of glowing boots for 247 gold pieces
 11546 | Orc:2    | Noticed an orc sorcerer
 11546 | Orc:2    | Noticed an orc knight
 11556 | Orc:2    | Noticed a sun demon
 12442 | Orc:2    | Found Boam Pye's Magic Scroll Boutique.
 12443 | Orc:2    | Noticed an orc high priest
 12461 | Orc:2    | Killed an orc high priest
 12462 | Orc:2    | Reached XP level 12. HP: 21/87 MP: 3/25
 12743 | Orc:2    | Bought a scroll of blinking for 97 gold pieces
 12743 | Orc:2    | Bought a scroll of identify for 26 gold pieces
 12743 | Orc:2    | Bought a scroll of noise for 13 gold pieces
 12743 | Orc:2    | Bought a scroll of amnesia for 45 gold pieces
 12776 | Orc:2    | Noticed an orc warlord
 12862 | Orc:2    | Killed an orc warlord
 12863 | Orc:2    | Reached skill level 10 in Necromancy
 12999 | Orc:2    | Noticed an orc high priest
 13018 | Orc:2    | Noticed a sun demon
 13019 | Orc:2    | HP: 4/87 [red devil/+0 trident[an orc high priest] (12)]
 13025 | Orc:2    | Noticed an orc high priest
 13027 | Orc:2    | Noticed a sixfirhy
 13037 | Orc:2    | HP: 4/87 [orc high priest/divine providence (9)]
 13044 | Orc:2    | Killed an orc high priest
 13267 | Orc:2    | Noticed an orc high priest
 13280 | Orc:2    | Killed an orc high priest
 13281 | Orc:2    | Reached skill level 1 in Ranged Weapons
 13546 | Orc:2    | Found Tosenk's General Store.
 13547 | Orc:2    | Noticed an orc high priest
 13568 | Orc:2    | Killed an orc high priest
 13568 | Orc:2    | Reached ****** piety under Kikubaaqudgha
 13569 | Orc:2    | Reached skill level 10 in Spellcasting
 13876 | Orc:2    | Bought 2 potions of ambrosia for 208 gold pieces
 13876 | Orc:2    | Bought a scroll of magic mapping for 45 gold pieces
 13927 | Orc:2    | Killed an orc high priest
 14340 | Orc:2    | Found Ishrytea's Weapon Shoppe.
 14966 | Orc:2    | Noticed a two-headed ogre
 14973 | Orc:2    | Killed a two-headed ogre
 15178 | Orc:2    | Reached skill level 11 in Necromancy
 15329 | Orc:2    | Found a staircase to the Elven Halls.
 15425 | Elf:1    | Entered Level 1 of the Elven Halls
 15432 | Elf:1    | Noticed a deep elf knight
 15749 | Elf:1    | Noticed a +3 short sword of draining
 15758 | Elf:1    | Killed a +3 short sword of draining
 15759 | Elf:1    | Reached XP level 13. HP: 76/94 MP: 20/27
 15837 | Elf:1    | Learned a level 2 spell: Call Imp
 15918 | Elf:1    | HP: 4/94 [+2 vorpal long sword (14)]
 15918 | Elf:1    | HP: 1/94 [+2 vorpal long sword (3)]
 15919 | Elf:1    | Lost mutation: Your system is resistant to poisons. (rPois)
                  | [potion of mutation]
 15919 | Elf:1    | Lost mutation: Your body sometimes deteriorates upon taking
                  | damage. [potion of mutation]
 15919 | Elf:1    | Lost mutation: Your muscles are strong. (Str +4, Int/Dex
                  | -1) [potion of mutation]
 15919 | Elf:1    | Gained mutation: Your body sometimes deteriorates upon
                  | taking damage. [potion of mutation]
 15919 | Elf:1    | Slain by a +2 vorpal long sword

Illustrated notes

Levels and vault maps discovered:
D:1:      ncdulo_smallfort, layout_basic, minmay_hexomino_c4
D:2:      layout_rooms, chequers_garden, minmay_misc_feat_plants
D:3:      layout_loops_ring, yredelemnul_forgotten_temple_becter,
          mainiacjoe_overflow_alcove_1, lemuel_zombie_altar_kikubaaqudgha
D:4:      layout_loops_cross, mainiacjoe_overflow_concentric_impassable,
          kennysheep_generic_room_4, uniq_eustachio
D:5:      layout_rooms, nicolae_gozag_seed_capital
D:6:      layout_loops_cross, vehumet_altar_wand_db, chequers_big_river
D:7:      layout_basic, temple_hall, nicolae_ossuary_entry_giza, serial_shops,
          nicolae_stop_n_shop_1, nicolae_inconvenience_store, kennysheep_mini
D:8:      layout_loops_ring, special_room [special_room_orc], eino_tiny_chamber,
          dreamdust_princess_corridor
D:9:      layout_rooms
D:10:     minmay_razor_zed, layout_small_grid, david_orc_2, serial_undead,
          serial_undead_a, serial_undead_e, serial_undead_a, serial_undead_a,
          hangedman_misty_isle, uniq_erica, uniq_erolcha
Orc:1:    layout_diamond_mine, guppyfry_library_mini, uniq_snorg
Orc:2:    pubby_orc_utopia
Elf:1:    dreamdust_wu_jian_sword_trials, layout_rooms, hangedman_elf_disciples

Skill      XL: |  1  2  3  4  5  6  7  8  9 10 11 12 13 |
---------------+----------------------------------------+-----
Maces & Flails | 2 3 4 5 7 8 |  8.0
Fighting       | 1 2 3 4 5 6 |  6.4
Stealth        | 3 4 5 |  5.3
Spellcasting   | 3 4 6 7 9 10 | 10.7
Necromancy     | 5 6 7 8 9 11 | 11.3
Dodging        | 3 4 5 6 |  6.1
Evocations     | 1 |  1.2
Hexes          | 1 2 |  2.8
Throwing       | 1 2 |  2.4
Earth Magic    | 2 3 |  3.3
Ranged Weapons | 2 |  2.8
Summonings     | |  0.2

Action                   |  1- 3 |  4- 6 |  7- 9 | 10-12 | 13-15 || total
-------------------------+-------+-------+-------+-------+-------++-------
Melee: Club              |    18 |       |       |       |       ||    18
       Dagger            |     4 |       |       |       |       ||     4
       Punch             |     1 |       |     5 |    11 |       ||    17
       Mace              |    16 |    47 |   213 |   351 |    10 ||   637
 Fire: Sling             |       |       |       |    24 |       ||    24
Throw: Dart              |       |       |       |    26 |     1 ||    27
 Cast: Necrotize         |    28 |    17 |    66 |    57 |     4 ||   172
       Vampiric Draining |       |     3 |     6 |   102 |       ||   111
       Anguish           |       |       |     2 |    31 |     2 ||    35
       Animate Dead      |       |       |       |     9 |       ||     9
       Dispel Undead     |       |       |       |     1 |       ||     1
       Borgnjor's Vile C |       |       |       |     8 |     2 ||    10
       Call Imp          |       |       |       |       |     2 ||     2
       Agony             |       |       |       |       |     1 ||     1
Evoke: Wand              |       |       |     8 |     3 |     1 ||    12
  Use: Scroll            |       |     3 |    12 |    15 |     2 ||    32
       Potion            |       |     3 |     1 |    23 |     4 ||    31
 Stab: Sleeping          |       |     6 |     4 |     6 |       ||    16
       Distracted        |       |     1 |     1 |     1 |       ||     3
Armor: Robe              |    12 |    31 |   121 |   203 |     3 ||   370
Dodge: Dodged            |    41 |    28 |   170 |   339 |    11 ||   589

Table legend: (Time is in decaauts)
 A = Elapsed time spent in this place.
 B = Non-inter-level travel time spent in this place.
 C = Inter-level travel time spent in this place.
 D = Time resting spent in this place.
 E = Time spent auto-exploring this place.
 F = Levels seen in this place.
 G = Mean time per level.
                   A        B        C        D        E       F      G
               +--------+--------+--------+--------+--------+-----+--------+
         Total |  16010 |  15598 |    412 |   5914 |   4979 |  14 | 1143.6 |
       Dungeon |  10436 |  10024 |    412 |   2502 |   4460 |  10 | 1043.6 |
  Orcish Mines |   4727 |   4727 |      0 |   3020 |    497 |   2 | 2363.5 |
   Elven Halls |    493 |    493 |      0 |    392 |      0 |   1 |  493.0 |
       Ossuary |    353 |    353 |      0 |      0 |     22 |   1 |  353.0 |
               +--------+--------+--------+--------+--------+-----+--------+

Top non-repeatable levels by time:
   Orc:2: 4466 daAuts
     D:8: 1830 daAuts
     D:6: 1449 daAuts
     D:7: 1208 daAuts
     D:1: 1093 daAuts
     D:4: 1066 daAuts
     D:3: 1018 daAuts
     D:9: 1010 daAuts
     D:5: 645 daAuts
     D:2: 617 daAuts
    D:10: 496 daAuts
   Elf:1: 493 daAuts
 Ossuary: 353 daAuts
   Orc:1: 261 daAuts
